 Dungeon Crawl Stone Soup version 0.27.1 (webtiles) character file.

Game seed: 151673297770458428

7672 axiom the Cleaver (level 10, -1/93 HPs)
             Began as a Minotaur Berserker on Aug 28, 2021.
             Was an Elder of Trog.
             Slain by a komodo dragon (20 damage)
             ... on level 1 of the Lair of Beasts on Aug 31, 2021.
             The game lasted 02:13:09 (16133 turns).

axiom the Cleaver (Minotaur Berserker)             Turns: 16133, Time: 02:13:09

Health: -1/93      AC: 17    Str: 23    XL:     10   Next: 99%
Magic:  9/9        EV: 10    Int:  4    God:    Trog [****..]
Gold:   604        SH:  0    Dex: 12    Spells: 9/9 levels left

rFire    . . .     SeeInvis .   a - +3 battleaxe
rCold    . . .     Faith    .   (shield currently unavailable)
rNeg     . . .     Spirit   .   q - +0 plate armour
rPois    .         Reflect  .   (helmet restricted)
rElec    .         Harm     .   (no cloak)
rCorr    .         Rampage  .   L - +0 pair of gloves
Will     .....                  r - +0 pair of boots
Stlth    ..........             (no amulet)
HPRegen  0.25/turn              (no ring)
MPRegen  0.11/turn              (no ring)

@: on berserk cooldown, slowed, very slow
A: horns 2, retaliatory headbutt
a: Renounce Religion, Berserk, Trog's Hand, Brothers in Arms


You were on level 1 of the Lair of Beasts.
You worshipped Trog.
Trog was greatly pleased with you.
You visited 2 branches of the dungeon, and saw 12 of its levels.

You collected 656 gold pieces.
You spent 52 gold pieces at shops.

Inventory:

Hand Weapons
 a - a +3 battleaxe (weapon)
 b - a +0 flail
 D - a +0 hand axe of electrocution
 M - a +0 battleaxe
 P - a +0 morningstar
Missiles
 g - 350 stones (quivered)
Armour
 q - a +0 plate armour (worn)
 r - a +0 pair of boots (worn)
 C - a +0 chain mail
 E - a +0 ring mail
 J - a +0 leather armour of fire resistance
 L - a +0 pair of gloves (worn)
 R - a +2 pair of gloves
Jewellery
 f - a ring of positive energy
 n - a ring of ice
 p - an amulet of reflection
 I - a ring of protection from cold
 N - a +4 ring of slaying
 Q - a ring of see invisible
Wands
 i - a wand of flame (11)
 l - a wand of acid (11)
 H - a wand of polymorph (11)
 O - a wand of charming (4)
 S - a wand of paralysis (6)
 T - a wand of iceblast (9)
Scrolls
 d - 4 scrolls of identify
 j - a scroll of enchant weapon
 k - a scroll of holy word {unknown}
 o - a scroll of amnesia
 u - a scroll of immolation {unknown}
 v - a scroll of magic mapping
 y - a scroll of summoning {unknown}
 A - 2 scrolls of teleportation {unknown}
 G - a scroll of vulnerability {unknown}
 K - a scroll of blinking {unknown}
Potions
 c - a potion of attraction {unknown}
 e - 3 potions of brilliance {unknown}
 h - 5 potions of curing
 m - 2 potions of mutation {unknown}
 s - a potion of ambrosia {unknown}
 t - a potion of degeneration {unknown}
 w - 6 potions of haste
 x - 2 potions of heal wounds
 z - a potion of magic {unknown}
 B - a potion of flight {unknown}
 F - 2 potions of cancellation {unknown}


   Skills:
 + Level 10.3 Fighting
 * Level 11.8 Axes
 + Level 10.0 Armour
 + Level 9.2 Dodging


You had 9 spell levels left.
You didn't know any spells.
Your spell library contained the following spells:

 Spells                   Type           Power      Damage    Failure   Level
 Gell's Gravitas          Tloc           0%         N/A       100%        3
 Lesser Beckoning         Tloc           0%         N/A       100%        3
 Teleport Other           Tloc           0%         N/A       100%        3


Dungeon Overview and Level Annotations

Branches:
Dungeon (10/15)            Temple (0/1) D:4            Lair (2/6) D:9
  Swamp: Lair:2-4    Shoals: Lair:2-4     Snake: Lair:2-4    Spider: Lair:2-4
    Orc: D:9-12

Altars:
Ashenzari
Cheibriados
Elyvilon
Gozag
Hepliaklqana
Nemelex Xobeh
Okawaru
Qazlal
Uskayaw
Wu Jian
Yredelemnul
The Shining One

Shops:
D:3 (   D:4 *

Annotations:
D:6 1 runed translucent door, exclusions: door and 3 more exclusions, Vigorix's ghost, novice GrEE


Innate Abilities, Weirdness & Mutations

You have a pair of horns on your head.
You reflexively headbutt those who attack you in melee.


Message History

You are exhausted.
You feel yourself slow down.
You start resting.
A komodo dragon comes into view.
The komodo dragon hisses angrily.
The komodo dragon hisses menacingly.
The komodo dragon bites you.
Your skin crawls.
You feel strong-willed. The komodo dragon bites you!!
* * * LOW HITPOINT WARNING * * *
You hit the komodo dragon.
You headbutt the komodo dragon, but do no damage.
The komodo dragon is lightly wounded.
The komodo dragon barely misses you. You furiously retaliate!
You headbutt the komodo dragon!
The komodo dragon bites you but does no damage.
You hit the komodo dragon. Your headbutt misses the komodo dragon.
The komodo dragon is moderately wounded.
The komodo dragon bites you!!
* * * LOW HITPOINT WARNING * * *
The komodo dragon barely misses you.
You feel much better.
You feel the effects of Trog's Hand fading.
The komodo dragon bites you but does no damage.
You slash the komodo dragon!
The komodo dragon is heavily wounded.
The komodo dragon barely misses you.
The komodo dragon bites you but does no damage.
You hit the komodo dragon but do no damage.
The komodo dragon is heavily wounded.
The komodo dragon bites you!
* * * LOW HITPOINT WARNING * * *
You slash the komodo dragon! You headbutt the komodo dragon.
The komodo dragon is almost dead.
Your skin stops crawling.
You feel less strong-willed. The komodo dragon bites you!
* * * LOW HITPOINT WARNING * * *
The komodo dragon bites you!!
You die...

.....# #..## #.##
##.....###..## ....# ##.##
#..## #.....## ##..#
###.####...# ##†.##.###..P#
##.. #
#..##..######....##.....#####..
###......#P##...####..#..#.##)#
##.........#..####.#.....####
##..######........###.#..#.## #
##.>## #.l#..###.##..#.....
####.#..## #..@..##.#...###.###
.#..##P..# #..#.........#..##
#.#.####.# #.###.#P##.##..## #
##### ### ###....########.P# #
#.....#.# #.## # ###.##### #.#
### ###


You could see a komodo dragon.

Vanquished Creatures
  A hydra (Lair:1)
  Psyche (D:9)
  2 cane toads (Lair:1)
  3 komodo dragons (Lair:1)
  A troll (D:8)
  Prince Ribbit (D:9)
  A shadow (D:9)
  A vampire (D:8)
  7 yaks
  A basilisk (Lair:1)
  6 water moccasins
  4 orc warriors
  2 black bears
  An ice beast (D:6)
  An ogre (D:4)
  3 necrophages
  A centaur (D:9)
  2 kobold brigands (D:8)
  A gnoll sergeant (D:9)
  8 bullfrogs
  A scorpion (D:6)
  A water moccasin zombie (D:5)
  2 wyvern zombies (D:7)
  5 wights
  A howler monkey (D:6)
  2 hounds
  A gnoll shaman (D:4)
  2 orc priests
  2 jellies
  A bullfrog skeleton (D:6)
  Natasha (thrice) (D:2)
  5 orc wizards
  2 killer bee zombies
  A hound zombie (D:5)
  5 gnolls
  A howler monkey skeleton (D:7)
  6 adders
  A shadow imp (D:5)
  An ufetubus (D:5)
  An adder skeleton (D:5)
  2 worms
  3 dart slugs
  23 orcs
  7 ball pythons
  6 endoplasms
  A giant cockroach (D:4)
  5 goblins
  6 hobgoblins
  22 kobolds
  3 quokkas
  4 bats
  4 frilled lizards
  4 rats
182 creatures vanquished.

Vanquished Creatures (others)
  34 fungi
  36 plants
70 creatures vanquished.

Grand Total: 252 creatures vanquished

Notes
Turn   | Place    | Note
-------+----------+-------------------------------------------
     0 | D:1      | axiom the Minotaur Berserker began the quest for the Orb.
     0 | D:1      | Reached XP level 1. HP: 19/19 MP: 0/0
   256 | D:1      | Reached XP level 2. HP: 26/27 MP: 1/1
   369 | D:1      | Reached skill level 4 in Axes
   414 | D:1      | Found a faded altar of an unknown god.
  1212 | D:2      | Reached XP level 3. HP: 17/33 MP: 2/2
  1631 | D:2      | Noticed Natasha
  1653 | D:2      | Killed Natasha
  1653 | D:2      | Reached ** piety under Trog
  1804 | D:2      | Noticed Natasha
  1904 | D:2      | Killed Natasha
  1905 | D:2      | Reached XP level 4. HP: 21/40 MP: 3/3
  1920 | D:2      | Noticed Natasha
  2154 | D:2      | Killed Natasha
  2155 | D:2      | Reached skill level 5 in Axes
  2563 | D:3      | Reached XP level 5. HP: 47/47 MP: 4/4
  2617 | D:3      | Found a glowing drain.
  2971 | D:3      | Noticed an orc warrior
  2991 | D:2      | Killed an orc warrior
  2992 | D:2      | Reached skill level 5 in Fighting
  2992 | D:2      | Reached XP level 6. HP: 35/56 MP: 5/5
  3520 | D:3      | Found Soxoopeene's Weapon Boutique.
  3698 | D:4      | Found an ornate altar of the Wu Jian Council.
  3860 | D:4      | Found an iron altar of Okawaru.
  3968 | D:4      | Found a staircase to the Ecumenical Temple.
  4040 | D:4      | Found Ihor's Assorted Antiques.
  4229 | D:4      | Found a glowing golden altar of the Shining One.
  4281 | D:4      | Bought a scroll labelled PASCHIN CEOLEOZ for 26 gold pieces
  4281 | D:4      | Bought a scroll labelled MUCZAL FYISA for 26 gold pieces
  4435 | D:4      | Found a broken altar of Ashenzari.
  4460 | D:4      | Reached skill level 6 in Axes
  4722 | D:5      | Entered Level 5 of the Dungeon
  5011 | D:5      | Reached *** piety under Trog
  5012 | D:5      | Reached XP level 7. HP: 61/61 MP: 6/6
  5302 | D:4      | Reached skill level 5 in Armour
  6866 | D:6      | Reached skill level 5 in Dodging
  7665 | D:6      | Reached skill level 7 in Axes
  7665 | D:6      | Reached XP level 8. HP: 66/71 MP: 7/7
  7749 | D:6      | Found a runed translucent door.
  7749 | D:6      | Noticed Vigorix's ghost (novice GrEE)
  9037 | D:7      | Reached skill level 8 in Axes
 10706 | D:8      | Reached XP level 9. HP: 56/81 MP: 8/8
 11251 | D:8      | Found a sparkling altar of Nemelex Xobeh.
 11373 | D:8      | Found a basalt altar of Yredelemnul.
 11377 | D:8      | Found a snail-covered altar of Cheibriados.
 11384 | D:8      | Found an opulent altar of Gozag.
 11527 | D:8      | Reached skill level 9 in Axes
 11901 | D:9      | Noticed a troll
 11919 | D:8      | Killed a troll
 11919 | D:8      | Reached **** piety under Trog
 12626 | D:9      | Noticed Psyche
 12632 | D:9      | Killed Psyche
 12633 | D:9      | Reached XP level 10. HP: 91/91 MP: 9/9
 12736 | D:9      | Found a stormy altar of Qazlal.
 12753 | D:9      | Found a white marble altar of Elyvilon.
 12829 | D:9      | Reached skill level 10 in Axes
 12871 | D:9      | Found a staircase to the Lair.
 12916 | D:9      | Found a faded altar of an unknown god.
 12916 | D:9      | Found a hazy altar of Hepliaklqana.
 12929 | D:9      | Noticed Prince Ribbit
 12954 | D:9      | Found a faded altar of an unknown god.
 13560 | D:10     | Entered Level 10 of the Dungeon
 13719 | D:9      | Killed Prince Ribbit
 13908 | D:9      | Found a hide-covered altar of Uskayaw.
 14629 | Lair:1   | Entered Level 1 of the Lair of Beasts
 14716 | Lair:1   | Noticed a cane toad
 14732 | Lair:1   | Killed a cane toad
 14975 | Lair:1   | Noticed a six-headed hydra
 15003 | Lair:1   | Killed a six-headed hydra
 15004 | Lair:1   | Reached skill level 11 in Axes
 15179 | Lair:1   | Reached skill level 10 in Fighting
 15857 | Lair:1   | Noticed a cane toad
 15863 | Lair:1   | Killed a cane toad
 16102 | Lair:1   | Reached skill level 10 in Armour
 16133 | Lair:1   | Slain by a komodo dragon

Illustrated notes

Levels and vault maps discovered:
D:1:      giann_bridges, layout_loops_ring, shapermc_ecumenical_altar_hornbeckon
D:2:      layout_rooms, uniq_natasha
D:3:      layout_loops_ring, serial_shops, nicolae_square_shop,
          portal_sewer_entry_a, st_stairs_5, chequers_avenue, kennysheep_nub,
          hangedman_decor_peaks_small
D:4:      layout_gridville, mainiacjoe_overflow_cross_hatched,
          nicolae_wu_jian_wuxing_cycle, nicolae_tso_carved_into_rock,
          ashenzari_conservatory_becter, minmay_temple_entry_glass,
          serial_shops, shop
D:5:      layout_layer_cave
D:6:      layout_gridville, hellmonk_ghost_happy_afterlife
D:7:      layout_layer_cave
D:8:      layout_loops_ring, minitemple, nemelex_diamond_rough_becter
D:9:      layout_irregular_city, nicolae_qazlal_eye_of_the_storm,
          nicolae_hepliaklqana_ecumenical_no_more, nicolae_uskayaw_dance_studio,
          nicolae_overflow_crystal_walls, due_lair_maze_entry_diamond,
          wad_floor_pattern_untrapped, uniq_prince_ribbit1, uniq_psyche
D:10:     layout_basic, kennysheep_mini_moat, nicolae_wooded_promenade
Lair:1:   layout_layer_cave, beast_lair_carwin_2
Lair:2:   layout_misc_corridors, guppyfry_snake_entry_garden, basic_altar,
          portal_ice_cave_entry_pillars_1, chequers_serial_rivers_marsh,
          serial_bayou_shore_b

Skill      XL: |  1  2  3  4  5  6  7  8  9 10 |
---------------+-------------------------------+-----
Axes           | 4 5 6 7 8 9 11 | 11.8
Fighting       | 4 5 6 7 9 10 | 10.3
Armour         | 3 4 5 7 8 10 | 10.0
Dodging        | 3 4 5 6 8 9 |  9.2

Action                   |  1- 3 |  4- 6 |  7- 9 | 10-12 || total
-------------------------+-------+-------+-------+-------++-------
Melee: Hand axe          |    60 |   120 |   258 |       ||   438
       Headbutt          |     8 |    19 |    74 |    36 ||   137
       Battleaxe         |       |       |    33 |   137 ||   170
       Flail             |       |       |       |     5 ||     5
Throw: Stone             |    21 |    65 |   110 |     7 ||   203
Invok: Berserk           |     3 |     2 |     6 |     3 ||    14
       Trog's Hand       |       |       |     1 |     1 ||     2
  Use: Scroll            |       |       |       |     4 ||     4
       Potion            |       |       |       |     1 ||     1
Armor: Animal skin       |     9 |     1 |       |       ||    10
       Ring mail         |       |    29 |    29 |       ||    58
       Chain mail        |       |       |    23 |       ||    23
       Plate armour      |       |       |    37 |    90 ||   127
Dodge: Dodged            |    31 |    56 |   135 |    75 ||   297
